 Dungeon Crawl Stone Soup version 0.25-a0-10-g2fe12d4386 (webtiles) character file.

Game seed: 8119027842617666660, levelgen mode: deterministic

57 Chiseanne the Magician (level 3, -4/25 HPs)
             Began as a Demonspawn Wizard on Oct 15, 2019.
             Slain by a bullfrog (7 damage)
             ... on level 2 of the Dungeon.
             The game lasted 00:02:09 (1546 turns).

Chiseanne the Magician (Demonspawn Wizard)          Turns: 1546, Time: 00:02:10

Health: -4/25      AC:  5    Str:  7    XL:     3   Next: 73%
Magic:  8/8        EV: 10    Int: 20    God:
Gold:   71         SH:  0    Dex: 11    Spells: 8/9 levels left

rFire    . . .     SeeInvis .   g - +0 hand axe
rCold    . . .     Gourm    .   (no shield)
rNeg     . . .     Faith    .   n - +0 ring mail
rPois    .         Spirit   .   b - +0 hat
rElec    .         Reflect  .   (no cloak)
rCorr    .         Harm     .   (no gloves)
MR       .....                  (no boots)
Stlth    +.........             (no amulet)
HPRegen  0.08/turn              (no ring)
MPRegen  0.11/turn              (no ring)

@: no status effects
A: demonic guardian 1, spiny 1
a: no special abilities


You were on level 2 of the Dungeon.
You were not hungry.

You visited 1 branch of the dungeon, and saw 2 of its levels.

You collected 71 gold pieces.

Inventory:

Hand Weapons
 e - a +0 club
 g - a +0 hand axe (weapon)
Missiles
 h - 12 poisoned darts (quivered)
 j - 49 stones
 m - 42 arrows
Armour
 b - a +0 hat (worn)
 n - a +0 ring mail (worn)
Scrolls
 a - a scroll of magic mapping {unknown}
 c - a scroll of identify {unknown}
 l - a scroll of immolation {unknown}
 p - a scroll of teleportation {unknown}
Potions
 f - a potion of mutation {unknown}
 i - a potion of agility {unknown}
 k - a potion of haste {unknown}
Comestibles
 d - 4 rations


   Skills:
 * Level 0.6 Fighting
 * Level 0.6 Throwing
 * Level 0.5 Armour
 * Level 2.0 Dodging
 - Level 1.7 Stealth
 - Level 3.5 Spellcasting
 - Level 2.2 Conjurations
   Level 1.0 Summonings
   Level 0.8 Translocations


You had 8 spell levels left.
You knew the following spells:

 Your Spells              Type           Power        Failure   Level  Hunger
a - Magic Dart            Conj           ##..         19%         1    None

Your spell library contained the following spells:

 Spells                   Type           Power        Failure   Level  Hunger
 Call Imp                 Summ           #.......     43%         2    ##.....
 Blink                    Tloc           N/A          45%         2    ##.....
 Slow                     Hex            #.......     56%         2    ##.....
 Conjure Flame            Conj/Fire      #.......     65%         3    ###....
 Mephitic Cloud           Conj/Pois/Air  #.......     71%         3    ###....


Dungeon Overview and Level Annotations

Branches:
Dungeon (2/15)

Altars:


Innate Abilities, Weirdness & Mutations

A weak demonic guardian rushes to your aid.
You are partially covered in sharp spines.


Message History

The bullfrog hits you.
You miss the bullfrog. The bullfrog hits you. The bullfrog barely misses you.
You closely miss the bullfrog.
The bullfrog hits you but does no damage.
The bullfrog is struck by your spines.
The bullfrog hits you but does no damage.
Your shadow imp completely misses the bullfrog.
You hit the bullfrog.
The bullfrog is lightly wounded.
The bullfrog hits you. The bullfrog is struck by your spines.
The bullfrog hits you!
* * * LOW HITPOINT WARNING * * *
Your shadow imp hits the bullfrog.
You hit the bullfrog.
The bullfrog is moderately wounded.
The bullfrog closely misses you.
Your shadow imp gestures at the bullfrog.
The bullfrog struggles to resist.
The bullfrog is struck by your spines. The bullfrog hits you!
You die...

####.#.######..#####
.# #.#.######..#
#...........#
###.#####.... #.#
##..# #.# #..# #.#
#..# #.# #F.#
.#####.######@5#
#...............#
#################


You could see a bullfrog and a friendly shadow imp.

Vanquished Creatures
  3 worms (D:2)
  2 dart slugs
  5 leopard geckos
  2 giant cockroaches (D:1)
  4 hobgoblins (D:1)
  3 jackals (D:1)
  3 kobolds
  3 bats
  2 frilled lizards
  4 goblins
  7 rats
38 creatures vanquished.

Notes
Turn   | Place    | Note
-------+----------+-------------------------------------------
     0 | D:1      | Chiseanne the Demonspawn Wizard began the quest for the
                  | Orb.
     0 | D:1      | Reached XP level 1. HP: 13/13 MP: 4/4
   265 | D:1      | Gained mutation: You are partially covered in sharp spines.
                  | [demonic ancestry]
   265 | D:1      | Reached XP level 2. HP: 18/19 MP: 0/6
   681 | D:1      | Gained mutation: A weak demonic guardian rushes to your
                  | aid. [demonic ancestry]
   681 | D:1      | Reached XP level 3. HP: 10/24 MP: 6/8
  1541 | D:2      | Noticed a bullfrog
  1546 | D:2      | Slain by a bullfrog

Levels and vault maps discovered:
D:1:      matt_arrival_grand_opening, layout_loops_ring
D:2:      cheibrodos_helix_gallery, layout_loops_ring, uniq_robin

Skill      XL: |  1  2  3 |
---------------+----------+-----
Conjurations   | 2 |  2.2
Dodging        | 2 |  2.0
Fighting       | |  0.6
Throwing       | |  0.6
Armour         | |  0.5
Stealth        | |  1.7
Spellcasting   | |  3.5
Summonings     | |  1.0
Translocations | |  0.8

Action                   || total
-------------------------++-------
Melee: Club              ||     3
       Hand axe          ||    84
Throw: Dart              ||     4
 Cast: Magic Dart        ||    23
 Stab: Sleeping          ||     2
  Eat: Chunk             ||     2
Armor: Robe              ||     4
       Ring mail         ||    12
Dodge: Dodged            ||    43

Table legend:
 A = Non-vault XP
 B = Vault XP
 C = Vault XP percentage of total XP
 D = Non-vault monster count
 E = Vault monster count
 F = Vault count percentage of total count
                 A         B        C        D         E       F
            +---------+---------+-------+---------+---------+-------
      Total |      77 |       5 |   6.1 |      36 |       2 |   5.3
            +---------+---------+-------+---------+---------+-------
        D:1 |      44 |       0 |   0.0 |      23 |       0 |   0.0
        D:2 |      33 |       5 |  13.2 |      13 |       2 |  13.3
            +---------+---------+-------+---------+---------+-------
